Map: Acropolis LE

Players

GogojOey

  • Race: Zerg Zerg
  • Spawn Location: 5:00

Knuf - Winner!

  • Race: Protoss Protoss
  • League: Master
  • Spawn Location: 11:00

Event: NationWars 2019

VOD

Have the link to the VOD?

Description

Time

  • Played on: Sept. 30, 2019, 11:04 a.m.
  • Length: 24:04

All games in this series

Show
View Real Time Build Order
Export as new Build Order

GogojOey Zerg 

Build Orders: Hatch First, Brood Lord Corruptor, Muta Ling Bane 

Get SALT Encoding   

  12  0:00  Drone  
  13  0:12  Overlord  
  13  0:16  Drone  
  14  0:31  Drone x2  
  16  0:48  Hatchery  
  15  0:51  Drone  
  15  0:54  Drone  
  17  0:57  Drone  
  18  1:08  Extractor  
  17  1:13  Spawning Pool  
  17  1:16  Drone  
  17  1:19  Drone  
  18  1:28  Drone  
  19  1:39  Drone  
  20  1:47  Hatchery  
  20  1:50  Drone  
  20  2:01  Queen  
  20  2:04  Drone  
  20  2:07  Drone  
  24  2:11  Drone  
  25  2:15  Overlord  
  25  2:24  Queen  
  25  2:26  Drone  
  28  2:33  Metabolic Boost  
  28  2:39  Queen  
  28  2:41  Zergling x2  
  28  2:43  Zergling x2  
  32  2:46  Drone  
  32  2:48  Drone  
  32  2:50  Drone  
  35  2:53  Drone  
  36  2:59  Drone  
  36  3:00  Drone  
  36  3:04  Queen  
  40  3:09  Overlord  
  40  3:10  Drone  
  41  3:17  Overlord  
  41  3:19  Drone  
  42  3:28  Zergling x4  
  42  3:29  Drone x2  
  46  3:34  Drone  
  46  3:40  Drone x3  
  46  3:41  Drone x2  
  51  3:44  Overlord  
  51  3:48  Drone  
  51  3:52  Spore Crawler  
  51  3:53  Spore Crawler  
  51  3:54  Spore Crawler  
  49  3:56  Drone  
  49  3:57  Overlord  
  49  3:58  Drone x2  
  49  3:59  Drone  
  49  4:02  Drone  
  54  4:06  Drone x2  
  56  4:13  Overlord  
  56  4:14  Drone x3  
  56  4:16  Lair  
  59  4:17  Drone x2  
  59  4:22  Roach Warren  
  60  4:24  Drone, Extractor  
  60  4:25  Extractor  
  60  4:26  Drone  
  60  4:33  Drone x5  
  65  4:40  Overlord  
  65  4:41  Zergling x6  
  65  4:44  Queen  
  70  4:50  Drone x4  
  70  4:51  Drone  
  70  5:01  Overlord  
  70  5:02  Zergling x8  
  70  5:06  Roach  
  75  5:08  Roach  
  75  5:13  Queen  
  79  5:17  Roach x2  
  82  5:25  Overlord  
  80  5:30  Overlord  
  80  5:31  Glial Reconstitution  
  80  5:32  Drone  
  80  5:33  Drone x2  
  80  5:34  Drone x4  
  86  5:38  Drone x3  
  89  5:43  Extractor  
  89  5:44  Overlord  
  89  5:47  Overlord  
  88  5:50  Spire  
  88  5:51  Extractor x2  
  88  5:54  Overlord  
  83  5:58  Roach x2  
  83  6:02  Roach x2  
  83  6:03  Roach x3  
  96  6:09  Roach  
  98  6:16  Roach x4, Evolution Chamber  
  98  6:17  Roach x2  
  107  6:21  Spore Crawler, Drone x2  
  108  6:26  Overlord x2  
  108  6:28  Overseer  
  108  6:35  Overlord  
  108  6:36  Zergling x2  
  109  6:42  Overlord  
  109  6:43  Overlord  
  109  6:48  Zerg Missile Weapons Level 1  
  109  6:51  Overlord  
  109  6:59  Hatchery  
  108  7:02  Mutalisk x5  
  108  7:03  Mutalisk  
  120  7:09  Drone x2  
  120  7:10  Corruptor  
  120  7:12  Drone  
  120  7:13  Drone  
  126  7:16  Zergling x8, Roach  
  132  7:24  Zergling x8  
  136  7:33  Overlord  
  136  7:35  Drone x5  
  141  7:37  Drone  
  141  7:39  Baneling Nest  
  141  7:41  Zergling x4  
  141  7:42  Zergling x2  
  141  7:43  Ravager x6  
  150  7:48  Zergling x4  
  150  7:51  Zergling x8  
  155  7:55  Ravager x2  
  155  7:56  Zergling x2  
  155  7:57  Zergling x2  
  160  8:02  Zergling x2  
  159  8:09  Zergling x2  
  159  8:10  Zergling x8  
  159  8:12  Ravager x4  
  168  8:14  Zergling x4  
  168  8:18  Queen  
  172  8:25  Zergling x14, Hatchery  
  174  8:33  Roach x2  
  173  8:40  Zergling x4, Roach, Overlord  
  173  8:41  Overlord  
  173  8:42  Centrifical Hooks  
  173  8:43  Overlord  
  173  8:44  Overlord  
  150  8:55  Overlord  
  150  8:57  Drone x4  
  150  8:58  Drone x2  
  150  8:59  Spore Crawler  
  150  9:01  Infestation Pit  
  151  9:03  Zergling x6, Extractor  
  151  9:05  Baneling x15  
  151  9:07  Zerg Melee Weapons Level 1  
  151  9:08  Zergling x6  
  154  9:10  Baneling  
  154  9:11  Zergling x4, Queen  
  154  9:12  Queen  
  160  9:17  Zergling x10  
  160  9:18  Zergling x6  
  168  9:30  Corruptor x4  
  176  9:33  Zergling x6  
  176  9:34  Drone  
  176  9:36  Drone x2  
  181  9:44  Zergling x14  
  188  9:51  Corruptor x2  
  192  9:53  Zergling x12  
  192  9:55  Baneling x5  
  192  9:56  Baneling  
  197  10:04  Zergling x8  
  199  10:09  Queen  
  199  10:13  Drone  
  195  10:14  Spine Crawler  
  195  10:19  Drone x2  
  195  10:20  Drone  
  193  10:26  Hive  
  193  10:27  Drone  
  192  10:29  Drone  
  192  10:30  Drone  
  194  10:37  Overseer x2  
  194  10:39  Zergling x10  
  199  10:45  Baneling  
  199  10:46  Baneling x5  
  199  10:49  Hatchery  
  198  10:54  Zergling x4  
  198  10:56  Baneling x8  
  196  11:10  Zergling x16, Roach  
  196  11:11  Zergling x8  
  144  11:19  Zergling x6  
  144  11:22  Ravager x4  
  144  11:23  Zergling x8, Queen  
  157  11:32  Zergling x8  
  160  11:41  Zergling x2  
  160  11:42  Zergling x4  
  160  11:43  Adrenal Glands  
  160  11:45  Greater Spire  
  163  11:47  Baneling x16  
  163  11:48  Zergling x8  
  163  11:52  Zerg Melee Weapons Level 2  
  165  11:55  Zergling x10  
  165  11:58  Baneling x3  
  165  11:59  Baneling x3  
  165  12:01  Zergling x16  
  174  12:11  Zergling x14  
  165  12:15  Baneling x7  
  165  12:16  Zergling x2, Baneling x2  
  165  12:17  Zergling x4  
  165  12:18  Baneling x11  
  164  12:24  Zergling x14  
  164  12:29  Zergling x2, Queen  
  170  12:35  Zergling x2  
  173  12:37  Corruptor x4  
  173  12:39  Corruptor  
  173  12:42  Corruptor  
  185  12:48  Corruptor  
  185  12:50  Zergling x8  
  191  12:58  Drone  
  192  13:02  Spine Crawler  
  192  13:05  Zergling x2, Extractor  
  190  13:06  Zergling x20  
  192  13:22  Spore Crawler  
  185  13:38  Brood Lord x6  
  192  13:44  Zergling x8  
  184  13:59  Brood Lord  
  184  14:00  Zergling x8  
  184  14:01  Zergling x14, Overlord  
  191  14:09  Zerg Flyer Weapons Level 1  
  188  14:11  Zerg Melee Weapons Level 3  
  188  14:12  Overlord  
  188  14:16  Zergling x10  
  193  14:17  Overlord  
  193  14:20  Baneling  
  193  14:21  Baneling x7  
  193  14:23  Overlord  
  192  14:26  Corruptor x3  
  198  14:32  Baneling x2, Corruptor  
  198  14:36  Extractor  
  199  14:40  Spine Crawler  
  199  14:41  Spine Crawler  
  199  14:42  Baneling x5  
  197  14:50  Baneling x7  
  188  15:11  Corruptor  
  188  15:12  Corruptor x2  
  188  15:14  Corruptor x3  
  153  15:28  Zergling x18  
  153  15:29  Zergling x10  
  153  15:33  Zergling x2  
  153  15:34  Zergling x36  
  153  15:35  Zergling x4  
  161  15:41  Zergling x6, Roach  
  138  15:48  Brood Lord  
  133  15:51  Brood Lord  
  133  15:56  Brood Lord  
  134  16:03  Brood Lord  
  135  16:12  Baneling x12  
  135  16:15  Brood Lord  
  135  16:17  Ravager  
  138  16:22  Baneling x7  
  90  16:48  Zergling x32, Roach  
  90  16:56  Zergling x8, Roach  
  86  17:05  Brood Lord  
  70  17:19  Roach x5  
  73  17:32  Ravager  
  73  17:40  Hatchery  
  73  17:42  Ravager  
  73  17:43  Ravager x4  
  77  17:57  Queen x2  
  78  18:25  Zergling x16, Roach  
  85  18:33  Zergling x2, Roach  
  88  18:46  Roach x3  
  94  18:52  Swarm Host  
  94  18:53  Zergling x2  
  98  18:58  Roach  
  88  19:18  Hatchery  
  85  19:24  Roach  
  87  19:43  Corruptor  
  89  19:56  Zergling x2  
  89  19:58  Ravager  
  84  20:04  Ravager  
  84  20:06  Ravager  
  85  20:32  Brood Lord  
  82  21:22  Hatchery  
  82  21:25  Ravager  
  82  21:26  Ravager  
  82  21:29  Ravager  
  81  21:46  Corruptor  
  83  22:05  Corruptor  
  85  22:15  Overseer  
  56  22:59  Brood Lord  
  55  23:16  Drone x9  
Show
View Real Time Build Order
Export as new Build Order

Knuf Protoss - Winner!

Build Orders: 1 Gate Expand, Oracle Opening, Phoenix Opening, Archon Immortal 

Get SALT Encoding   

  12  0:00  Probe  
  13  0:12  Probe  
  14  0:20  Pylon  
  14  0:25  Probe  
  15  0:38  Probe (Chrono Boost)  
  15  0:40  Gateway  
  16  0:47  Probe (Chrono Boost), Assimilator  
  17  0:52  Probe (Chrono Boost)  
  18  1:04  Probe  
  19  1:16  Probe  
  20  1:24  Nexus  
  20  1:34  Cybernetics Core  
  20  1:37  Probe  
  21  1:42  Assimilator  
  21  1:49  Probe  
  21  1:53  Pylon  
  22  2:01  Probe  
  23  2:10  Adept (Chrono Boost)  
  23  2:15  Probe (Chrono Boost)  
  26  2:17  Stargate  
  26  2:26  Probe (Chrono Boost)  
  26  2:27  Warp Gate  
  27  2:31  Adept (Chrono Boost)  
  27  2:32  Probe (Chrono Boost)  
  27  2:36  Probe (Chrono Boost)  
  32  2:46  Probe x2 (Chrono Boost)  
  32  2:51  Probe (Chrono Boost)  
  33  2:53  Probe  
  35  2:59  Oracle (Chrono Boost)  
  35  3:02  Probe  
  35  3:05  Probe  
  40  3:09  Gateway  
  40  3:13  Pylon  
  40  3:15  Probe  
  40  3:17  Probe  
  43  3:27  Probe  
  43  3:28  Phoenix (Chrono Boost)  
  43  3:29  Probe  
  46  3:35  Pylon  
  46  3:39  Probe  
  47  3:45  Adept, Probe  
  50  3:50  Oracle (Chrono Boost)  
  50  3:51  Probe  
  54  3:58  Assimilator  
  54  3:59  Adept  
  54  4:00  Probe  
  57  4:03  Probe  
  58  4:12  Probe  
  58  4:13  Nexus  
  58  4:15  Pylon  
  58  4:16  Probe  
  60  4:17  Assimilator  
  60  4:24  Probe  
  60  4:28  Robotics Facility  
  60  4:29  Probe  
  62  4:37  Probe, Shield Battery  
  62  4:38  Adept x2  
  67  4:40  Pylon  
  67  4:55  Probe x2  
  67  4:59  Sentry x2  
  72  5:07  Probe x2, Twilight Council  
  72  5:10  Forge  
  74  5:25  Probe x2, Immortal (Chrono Boost)  
  74  5:26  Zealot x2  
  74  5:28  Probe  
  77  5:34  Gateway  
  77  5:35  Gateway  
  77  5:40  Probe x3  
  78  5:43  Gateway  
  78  5:45  Gateway  
  78  5:48  Gateway  
  78  5:50  Protoss Ground Weapons Level 1  
  78  5:51  Charge  
  78  5:54  Observer (Chrono Boost)  
  78  5:56  Zealot x2  
  83  6:07  Probe x3  
  83  6:10  Immortal (Chrono Boost)  
  90  6:11  Templar Archives  
  90  6:18  Pylon  
  89  6:20  Pylon  
  89  6:21  Assimilator  
  89  6:22  Probe  
  89  6:23  Probe x2, Assimilator  
  92  6:29  Pylon  
  92  6:35  Probe  
  92  6:36  Probe x2, Warp Prism (Chrono Boost)  
  97  6:52  Gateway  
  97  6:53  Probe x3  
  100  6:56  Pylon  
  100  7:04  Immortal (Chrono Boost)  
  104  7:09  Sentry  
  106  7:16  Psionic Storm  
  106  7:20  High Templar x3  
  112  7:30  Immortal (Chrono Boost), Zealot x2  
  112  7:31  Zealot  
  122  7:44  Zealot  
  124  7:49  Gateway  
  124  7:50  Phoenix (Chrono Boost)  
  124  7:51  Gateway  
  124  7:55  Pylon  
  124  7:57  Pylon  
  121  7:59  Pylon  
  121  8:00  Immortal (Chrono Boost)  
  121  8:02  Stalker  
  123  8:06  Photon Cannon  
  123  8:08  Shield Battery  
  123  8:09  Photon Cannon  
  123  8:11  Phoenix (Chrono Boost), Pylon  
  124  8:15  Stalker x4  
  124  8:17  Probe x3  
  131  8:31  Immortal (Chrono Boost)  
  133  8:35  Probe x3  
  133  8:40  Zealot  
  133  8:41  Zealot x6  
  139  8:54  Protoss Ground Weapons Level 2 (Chrono Boost)  
  139  8:55  Blink (Chrono Boost)  
  137  8:56  High Templar x3  
  137  8:59  Probe x3  
  146  9:07  Photon Cannon  
  146  9:15  Probe x2  
  146  9:16  Probe  
  149  9:18  Pylon  
  149  9:20  Pylon  
  149  9:22  Pylon  
  149  9:29  Immortal  
  149  9:35  Nexus  
  149  9:37  Pylon  
  149  9:43  Zealot x2  
  149  9:44  Zealot x2  
  161  9:47  High Templar x2  
  161  9:52  High Templar x2  
  169  9:53  Archon  
  169  9:55  Stalker  
  169  9:57  Archon  
  171  10:04  Shield Battery  
  171  10:06  Photon Cannon  
  169  10:08  Pylon  
  169  10:13  Shield Battery  
  153  10:15  Photon Cannon, Immortal  
  153  10:32  High Templar x3  
  153  10:33  High Templar  
  153  10:34  Stalker x2  
  153  10:35  Stalker x3  
  171  10:38  Archon x2  
  171  10:48  Probe x4  
  175  10:54  Assimilator  
  175  11:00  Assimilator  
  175  11:02  Photon Cannon  
  175  11:03  Stalker x4  
  149  11:19  High Templar x3  
  149  11:21  Zealot x2  
  159  11:35  Nexus, High Templar  
  159  11:36  Protoss Ground Weapons Level 3 (Chrono Boost)  
  159  11:37  Zealot x3  
  165  11:41  Probe x3  
  168  11:53  Probe  
  169  11:55  Pylon  
  169  11:59  Zealot x6  
  169  12:00  Zealot x2  
  165  12:23  Zealot x6  
  165  12:24  Zealot x3  
  165  12:26  Observer  
  174  12:40  Immortal  
  173  12:49  Zealot  
  179  12:51  High Templar x2  
  179  12:52  High Templar  
  179  12:54  Nexus, High Templar x2  
  179  12:56  Pylon  
  189  13:00  Archon  
  189  13:01  Zealot  
  191  13:10  High Templar x2  
  175  13:20  Warp Prism (Chrono Boost)  
  175  13:23  Gateway  
  175  13:25  Gateway  
  174  13:27  Gateway  
  172  13:44  Nexus  
  172  13:46  Zealot x3  
  172  13:47  Zealot x6  
  172  14:00  Probe x4  
  174  14:06  High Templar x2  
  174  14:07  High Templar x3  
  174  14:08  High Templar x2  
  181  14:14  Archon x2  
  181  14:15  High Templar, Archon  
  183  14:28  Fleet Beacon  
  183  14:32  Stargate  
  183  14:38  Pylon  
  183  14:39  Stalker x5  
  183  14:40  Zealot  
  183  14:41  Zealot x2  
  197  14:53  Stalker  
  189  15:10  Stalker x4  
  189  15:11  Stalker x4  
  130  15:30  Stalker  
  130  15:31  Stalker x3  
  130  15:35  Zealot x6  
  132  15:46  Probe x2 (Chrono Boost)  
  136  15:51  Probe x2 (Chrono Boost)  
  138  15:58  Probe x2 (Chrono Boost)  
  138  16:03  Probe x2 (Chrono Boost)  
  135  16:13  High Templar x2  
  135  16:14  High Templar  
  136  16:23  High Templar, Archon  
  136  16:24  Zealot  
  124  16:42  Zealot x2  
  124  16:46  Archon  
  96  16:59  Cybernetics Core  
  82  17:27  Observer  
  79  17:38  High Templar x2  
  79  17:39  High Templar x5  
  79  17:40  Stalker  
  79  17:41  Stalker  
  97  17:44  Archon x3  
  97  17:49  Probe x2  
  99  18:26  Nexus  
  97  18:38  High Templar x3  
  97  18:40  High Templar  
  105  18:43  Archon  
  105  18:45  Archon  
  97  19:18  Zealot x5  
  107  19:49  Nexus  
  107  19:51  Zealot  
  100  20:10  Pylon  
  100  20:21  High Templar x4  
  108  20:28  Archon x2  
  108  20:35  Observer  
  109  21:13  Probe x3  
  109  21:14  Probe  
  109  21:15  Assimilator  
  109  21:16  Stalker  
  109  21:17  Stalker  
  117  21:19  Assimilator  
  118  21:25  Probe x3  
  118  21:26  Probe  
  121  21:37  Probe x2  
  119  21:46  High Templar x2  
  123  21:54  Probe x2  
  123  21:56  Archon  
  123  21:59  Pylon, Zealot  
  123  22:00  Zealot  
  129  22:10  Zealot x3  
  129  22:15  High Templar x2  
  139  22:20  Archon  
  139  22:42  Zealot  
  141  22:49  Zealot x7  
  145  22:56  High Templar x2  
  136  23:17  Stalker  
  136  23:18  Stalker x4  
  136  23:30  Zealot x3  
Tags
 
Add a new tag
Caveats
  • Supply blocks, unpowered buildings, or Contaminate may cause inaccurate times.
  • Supply counts are checked every 10 seconds.